Perreb, chaotic male elven Priest --- ---- ---.------..| ---- |......--...-- ---..| |........--..------- |....-- ---- -.................-------------..(..-- --. |..-- -................................%...--- |II- ---.#.--- |.............----...--------------.....| |^- |...|...| |.........[...-- ---.- --....| |I| ---.--|...------ --- -----.......).....| |...--.. ---..--- |.| |...|--..^..|..| --.-- |..--.............| --......- |....| |.| ---.----.....-...| |...| |.................-- --.--<.. -...--|.| |...|--.........-- |-..| --.........---....-- |... -...--.|--.---|...........---|...| |.....^...| --....----- --....|...| --............--...| --.......| --.......-- |....|.--- --................- |..---..-- --.......---- --.....| |....--...........| ---- --..-- --.......|.| --....| |....--.....---..- --..| --........| |.^..--- ---........-- |..-- |..| --.......| --..%..----- |......------...| ---- --......| --........| ---.---- |....-- ----.--- ---.---.-- --- --.--- - --- --- --- Perreb the Acolyte Experience level: 5 Strength: 14 Dexterity: 8 Constitution: 12 Intelligence: 10 Wisdom: 19 Charisma: 12 Health: 0(41) Energy: 85(85) Def: 5 Gold: 719 Moves: 1867 Dungeon seed: Pra8tCBDM6YpCXTX Game ID: Perreb_1614982587 Your Inventory: Coins $ - 719 gold pieces Weapons a - a blessed corroded +1 mace (weapon in hand) t - a blessed +1 crossbow (alternate weapon; not wielded) u - 11 +0 crossbow bolts (in quiver) Armor e - a +0 robe (being worn) n - a +0 small shield (being worn) r - a +0 pair of jumping boots (being worn) y - a +0 helmet (being worn) D - a +0 pair of iron shoes Comestibles c - a clove of garlic d - a sprig of wolfsbane Scrolls l - a cursed scroll of blank paper G - a scroll of enchant armor Spellbooks f - a spellbook of light g - a spellbook of remove curse Potions b - 4 potions of holy water k - a cursed potion of see invisible m - a potion of speed B - a potion of water Tools h - a tooled horn o - a skeleton key v - 6 tallow candles (0:200) x - a +0 pick-axe A - a partly used wax candle (lit) (0:386) Gems q - 7 rocks z - a worthless piece of orange glass C - a luckstone N - 2 worthless pieces of yellowish brown glass Y - an aquamarine stone Spells and supernatural/magical abilities: Name Level Category Fail Memory l - light 1 divination 0% 91% r - remove curse 3 clerical 0% 91% W - pray for help -- divine ? -- X - turn undead -- divine ? -- Y - supernatural jump -- ability ? -- Your skills at the end: Fighting Skills Weapon Skills mace [Basic] Spellcasting Skills clerical spells [Basic] Final Attributes: You were piously aligned. You were sleep resistant. You were blinded. You had infravision. You could jump. You were lucky. You had extra luck. Bad luck did not time out for you. Good luck did not time out for you. You are dead. Vanquished creatures: a rock piercer a fog cloud 2 gnome lords a golden naga hatchling 2 dwarves a rabid rat 2 acid blobs a coyote a hobbit a giant rat a yellow mold a green mold 7 gnomes a gecko 3 foxes a kobold 2 goblins 2 sewer rats 2 grid bugs a lichen a kobold zombie 35 creatures vanquished. Voluntary challenges: You used a wielded weapon 50 times, starting on turn 287. You were illiterate. You never genocided any monsters. You never polymorphed an object. You never changed form. You used no wishes. You never split a pudding. You never wrote Elbereth's name. You never violated your personal moral code. Dungeon overview: The Dungeons of Doom: levels 1 to 4 Level 1 a fountain a long staircase Level 2 Level 3 a fountain, a sink Level 4 a fountain stairs to The Gnomish Mines The Gnomish Mines: Level 5 <- You were here stairs to The Dungeons of Doom History has recorded: On T:1 you entered the Dungeons of Doom to retrieve the Amulet of Yendor! On T:239 you reached level 2 of The Dungeons of Doom. On T:644 you advanced to experience level 2. On T:660 you reached level 3 of The Dungeons of Doom. On T:926 you advanced to experience level 3. On T:1009 you reached level 4 of The Dungeons of Doom. On T:1327 you reached level 1 of The Gnomish Mines. On T:1392 you advanced to experience level 4. On T:1631 you advanced to experience level 5. Score breakdown: Gold: 719 ( 9719 points) Experience: 5 levels (11141 points) Exploration: 5 levels ( 10.64%) ( 8846 points) Discoveries: 2 items ( 0.70%) ( 2508 points) Valuables value: (no points given unless you survive) Artifact value: 0 ( 0 points) Variety of kills: 21 monsters ( 5.51%) ( 7043 points) Turncount: 1867 turns ( 0 points) Survival: died (score multiplied by 80%) Total score: 31405 Latest messages: A lit field surrounds you! Your candle is getting short. Your candle's flame flickers low! You feel your magical energy drain away! Your candle is consumed! Its flame dies. Your candle's flame burns brightly! You stop running. You are momentarily blinded by a flash of light! It bites! (3x) It misses. It bites! (4x) You kill it! It bites! (2x) You hit it. It misses. It bites! (3x) You miss it. It bites! (4x) You die... Final status: Goodbye Perreb the Priest, killed by a housecat... You died in The Gnomish Mines on dungeon level 5 with 31405 points, and 719 pieces of gold, after 1867 moves. You were level 5 with a maximum of 41 hit points when you died.